 Dungeon Crawl Stone Soup version 0.30-a0-358-g0d69a1922f (webtiles) character file.

Game seed: 14217172510161793447

14470 ragingrage the Grappler (level 11, -5/72 HPs)
             Began as a Demonspawn Warper on Nov 9, 2022.
             Was an Elder of Qazlal.
             Slain by a manticore (9 damage)
             ... on level 12 of the Dungeon.
             The game lasted 00:19:16 (12112 turns).

ragingrage the Grappler (Demonspawn Warper)        Turns: 12112, Time: 00:19:17

Health: -5/72      AC: 16    Str: 15    XL:     11   Next: 89%
Magic:  15/15      EV: 10    Int: 15    God:    Qazlal [****..]
Gold:   798        SH: 11    Dex: 13    Spells: 5/14 levels left

rFire   + + .      SeeInvis .      - Unarmed
rCold   . . .      Faith    .    r - +1 buckler "Ampevveso" {+Inv rPois rF+ Stlth+}
rNeg    + . .      Spirit   .    F - +2 ring mail {rN+}
rPois   +          Reflect  .    (helmet restricted)
rElec   .          Harm     .    S - +0 cloak
rCorr   .          Rampage  .    (gloves unavailable)
Will    .....      Clarity  +    p - +2 pair of boots
Stlth   +.........               f - amulet of regeneration
HPRegen 1.12/turn                I - +4 ring of protection
MPRegen 0.14/turn                o - ring of protection from fire

@: studying Translocations, repel missiles
A: claws 3, demonic guardian 1, antennae 1, clarity
a: Renounce Religion, Evoke Invisibility, Upheaval, Elemental Force


You were on level 12 of the Dungeon.
You worshipped Qazlal.
Qazlal was greatly pleased with you.
You visited 2 branches of the dungeon, and saw 13 of its levels.
You also visited: Bailey.

You collected 798 gold pieces.

Inventory:

Hand Weapons
 l - the +11 executioner's axe of Vihesiab {flame, rF+ Stlth+}
   (You acquired it on level 8 of the Dungeon)

   It burns those it strikes, dealing additional fire damage.
   Big, fiery blades are also staple armaments of hydra-hunters.
   rF:        It protects you from fire.
   Stlth:     It makes you more stealthy.
 z - the +4 quarterstaff "Tykesud" {pain, rN+ Dex+6}
   (You found it on level 8 of the Dungeon)

   In the hands of one skilled in necromantic magic, it inflicts extra damage on
   living creatures.
   Dex:       It affects your dexterity (+6).
   rN:        It protects you from negative energy.
 L - a +3 hand axe
Missiles
 g - 15 javelins
 t - 16 boomerangs
 v - 34 poisoned darts
 y - 3 throwing nets
 K - 4 curare-tipped darts (quivered)
Armour
 a - a +0 troll leather armour
 p - a +2 pair of boots (worn)
 r - the +1 buckler "Ampevveso" (worn) {+Inv rPois rF+ Stlth+}
   (You found it in a bailey)

   rF:        It protects you from fire.
   rPois:     It protects you from poison.
   +Inv:      It lets you turn invisible.
   Stlth:     It makes you more stealthy.
 E - a +2 helmet
 F - a +2 ring mail of positive energy (worn)
 M - a +2 robe of cold resistance
 S - a +0 cloak (worn)
Jewellery
 f - an amulet of regeneration (around neck)
 h - a ring of positive energy
 o - a ring of protection from fire (right claw)
 u - a +6 ring of intelligence
 I - a +4 ring of protection (left claw)
 J - a ring of flight
Wands
 e - a wand of mindburst (5)
 q - a wand of polymorph (7)
 D - a wand of flame (20)
 Q - a wand of roots (6)
Scrolls
 b - 2 scrolls of enchant weapon
 c - 3 scrolls of blinking
 d - 3 scrolls of enchant armour
 s - 5 scrolls of vulnerability
 w - 3 scrolls of magic mapping
 A - a scroll of amnesia
 B - a scroll of fear
 G - 3 scrolls of teleportation
 P - a scroll of butterflies
 R - a scroll of immolation {unknown}
Potions
 i - a potion of heal wounds
 j - 2 potions of attraction
 k - 4 potions of lignification
 m - 3 potions of might
 n - a potion of haste
 x - 4 potions of flight
 C - a potion of mutation
 H - a potion of invisibility
 N - a potion of berserk rage {unknown}
 O - a potion of brilliance


   Skills:
 + Level 2.0 Fighting
 - Level 3.2 Axes
 - Level 0.8 Throwing
 + Level 3.2 Armour
 + Level 1.8 Dodging
 - Level 5.0 Shields
 + Level 14.9 Unarmed Combat
 - Level 2.0 Spellcasting
 - Level 7.0 Translocations
 + Level 6.3 Invocations


You had 5 spell levels left.
You knew the following spells:

 Your Spells              Type           Power      Damage    Failure   Level
a - Blink                 Tloc           44%        N/A       4%          2
b - Manifold Assault      Tloc           22%        N/A       30%         4
c - Vhi's Electric Charg  Tloc/Air       24%        N/A       36%         3

Your spell library contained the following spells:

 Spells                   Type           Power      Damage    Failure   Level
 Lesser Beckoning         Tloc           44%        N/A       9%          3
 Teleport Other           Tloc           22%        N/A       9%          3
 Kindle Blastsparks       Fire/Tloc/Air  16%        2d11      54%         3
 Ensorcelled Hibernation  Hex/Ice        2%         N/A       63%         2
 Passwall                 Tmut/Erth      0%         N/A       63%         2
 Ignite Poison            Fire/Tmut/Pois 1%         N/A       85%         3
 Swiftness                Air            1%         N/A       85%         3
 Freezing Cloud           Conj/Ice/Air   0%         6-21      100%        5


Dungeon Overview and Level Annotations

Branches:
Dungeon (12/15)            Temple (1/1) D:5            Lair (0/5) D:8
    Orc (0/2) D:12         Bailey (visited)

Altars:
Ashenzari
Cheibriados
Dithmenos
Fedhas
Gozag
Hepliaklqana
Kikubaaqudgha
Makhleb
Nemelex Xobeh
Okawaru
Qazlal
Ru
Sif Muna
Trog
Uskayaw
Vehumet
Wu Jian
Xom
Yredelemnul

Shops:
D:4 :   D:10 :

Annotations:
D:2 Sigmund
D:7 exclusion: statue
D:12 Gastronok


Innate Abilities, Weirdness & Mutations

You have claws for hands.
A weak demonic guardian rushes to your aid.
You have a pair of small antennae on your head.
You possess an exceptional clarity of mind.


Message History

There is an open door here.
You open the door.
There is an open door here.
Found a robe.
A gargoyle comes into view. It is wielding a +0 vorpal mace.
A gargoyle is nearby!
A manticore comes into view.
The gargoyle hits you with a +0 vorpal mace!
You barely miss the gargoyle. You block the gargoyle's attack.
You scratch the gargoyle.
The gargoyle is lightly damaged.
The gargoyle completely misses you.
You scratch the gargoyle but do no damage.
The gargoyle is lightly damaged.
The gargoyle hits you with a +0 vorpal mace!
The manticore is engulfed in blazing flames.
The manticore bites you. You block the manticore's attack. x2
You are too injured to fight recklessly!
You scratch the gargoyle but do no damage.
The gargoyle is lightly damaged.
You barely miss the gargoyle.
The gargoyle is lightly damaged.
The gargoyle hits you with a +0 vorpal mace!
* * * LOW HITPOINT WARNING * * *
The manticore is engulfed in blazing flames.
You block the manticore's attack. The manticore claws you.
* * * LOW HITPOINT WARNING * * *
The manticore claws you!
* * * LOW HITPOINT WARNING * * *
A demonic guardian appears!
You claw the gargoyle!
The gargoyle is moderately damaged.
The gargoyle hits you but does no damage.
The manticore is engulfed in blazing flames.
The manticore bites you.
* * * LOW HITPOINT WARNING * * *
The manticore claws you.
* * * LOW HITPOINT WARNING * * *
The manticore claws you!
You die...

#######.# #.< ..~~≈≈
### #.. .~~~≈ ##..
..~≈ ###...#... ...≈
##.#...#...
#..#######..#...#...
+..○○.......#...####
#.H9.○......#...#...
#°.@5°.###'##...#...
#....○.#...>#...#...
+○.°.°.#....#...#...
#......###'###'##...
##+#..[..#.###..#...
#.....#..#...#...
#.....#..#...'...
#.....#..'...#...
#.....#..#..)#...


You could see a manticore, a gargoyle (ally target) and a friendly white imp
(summoned).

Vanquished Creatures
  Fannar (D:10)
  A two-headed ogre (D:9)
  An orc knight (Bailey)
  2 manticores (D:11)
  An orc sorcerer (Bailey)
  Maurice (D:10)
  An elephant (D:8)
  2 kobold demonologists
  A komodo dragon (D:10)
  4 trolls
  A wraith (D:10)
  2 shadows (D:9)
  2 wyverns
  2 basilisks (D:8)
  11 yaks
  Eustachio (D:5)
  A fire elemental (D:11)
  A steam dragon (D:7)
  2 vampire mosquitoes (D:10)
  Menkaure (D:7)
  4 water moccasins
  A black bear (D:5)
  14 orc warriors
  2 ice beasts (D:6)
  An ogre (D:5)
  3 wolves
  3 centaurs
  2 phantoms
  7 kobold brigands
  3 bullfrogs
  Blork the orc (D:6)
  A scorpion (D:5)
  A gnoll sergeant (D:9)
  7 wights
  5 killer bees (D:9)
  3 electric eels
  A howler monkey (D:9)
  4 hounds
  3 jellies
  7 orc priests
  Ijyb (D:5)
  2 iguanas
  9 orc wizards
  10 adders
  11 gnolls
  2 white imps
  An ufetubus (D:6)
  2 worms
  3 dart slugs
  38 orcs
  5 endoplasms
  8 giant cockroaches
  12 hobgoblins
  14 jackals
  31 kobolds
  4 quokkas
  7 ball pythons
  8 bats
  2 frilled lizards (D:1)
  19 goblins
  8 rats
309 creatures vanquished.

Vanquished Creatures (collateral kills)
  An ugly thing (D:11)
  Grum (D:11)
  A wolf (D:11)
3 creatures vanquished.

Vanquished Creatures (others)
  2 orc warriors (Bailey)
  An orc wizard (D:9)
  A plant (D:8)
4 creatures vanquished.

Grand Total: 316 creatures vanquished

Notes
Turn   | Place    | Note
-------+----------+-------------------------------------------
     0 | D:1      | ragingrage the Demonspawn Warper began the quest for the
                  | Orb.
     0 | D:1      | Reached XP level 1. HP: 16/16 MP: 3/3
   267 | D:1      | Gained mutation: You have sharp fingernails. [demonic
                  | ancestry]
   267 | D:1      | Reached XP level 2. HP: 8/22 MP: 5/5
   519 | D:2      | Gained mutation: You have very sharp fingernails. [demonic
                  | ancestry]
   519 | D:2      | Reached XP level 3. HP: 25/27 MP: 6/6
  1176 | D:1      | Reached skill level 1 in Unarmed Combat
  1587 | D:1      | Reached XP level 4. HP: 33/33 MP: 7/7
  1598 | D:1      | Reached skill level 2 in Unarmed Combat
  2040 | D:2      | Noticed Sigmund
  2775 | D:3      | Reached skill level 3 in Unarmed Combat
  2775 | D:3      | Reached XP level 5. HP: 18/38 MP: 8/8
  3775 | D:4      | Reached skill level 4 in Unarmed Combat
  3831 | D:4      | Noticed a phantom
  3883 | D:4      | Killed a phantom
  3884 | D:4      | Gained mutation: You have claws for hands. [demonic
                  | ancestry]
  3884 | D:4      | Reached XP level 6. HP: 30/44 MP: 9/9
  3978 | D:4      | Reached skill level 5 in Unarmed Combat
  4188 | D:4      | Found an iron altar of Okawaru.
  4338 | D:4      | Found Nunkuego's Book Boutique.
  4372 | D:4      | Learned a level 2 spell: Blink
  4613 | D:5      | Entered Level 5 of the Dungeon
  4620 | D:5      | Noticed a water moccasin
  4627 | D:5      | Killed a water moccasin
  4628 | D:5      | Reached skill level 6 in Unarmed Combat
  4628 | D:5      | Reached XP level 7. HP: 28/50 MP: 10/10
  4750 | D:5      | Reached skill level 7 in Unarmed Combat
  4812 | D:5      | Noticed Eustachio
  4866 | D:5      | Killed Eustachio
  4960 | D:5      | Reached XP level 8. HP: 51/56 MP: 11/11
  5024 | D:5      | Reached skill level 8 in Unarmed Combat
  5338 | D:5      | Noticed Ijyb
  5347 | D:5      | Killed Ijyb
  5497 | D:5      | Found a staircase to the Ecumenical Temple.
  5591 | Temple   | Entered the Ecumenical Temple
  5788 | Temple   | Became a worshipper of Qazlal Stormbringer
  5865 | D:6      | Reached skill level 9 in Unarmed Combat
  6138 | D:6      | Reached skill level 10 in Unarmed Combat
  6149 | D:6      | Noticed Blork the orc
  6157 | D:6      | Killed Blork the orc
  6303 | D:7      | Found a sacrificial altar of Ru.
  6316 | D:7      | Reached XP level 9. HP: 39/61 MP: 12/12
  6479 | D:7      | Found a snail-covered altar of Cheibriados.
  6821 | D:7      | Noticed Menkaure
  6831 | D:7      | Killed Menkaure
  6891 | D:7      | Reached skill level 11 in Unarmed Combat
  7112 | D:7      | Found a radiant altar of Vehumet.
  7209 | D:8      | Reached * piety under Qazlal
  7270 | D:8      | Found a flagged portal.
  7303 | Bailey   | Entered a bailey
  7350 | Bailey   | Reached skill level 12 in Unarmed Combat
  7543 | Bailey   | Reached ** piety under Qazlal
  7735 | Bailey   | Noticed an orc knight
  7789 | Bailey   | Killed an orc knight
  7790 | Bailey   | Reached skill level 13 in Unarmed Combat
  7790 | Bailey   | Reached XP level 10. HP: 48/67 MP: 13/13
  7955 | Bailey   | Noticed an orc sorcerer
  7960 | Bailey   | Killed an orc sorcerer
  7965 | Bailey   | Found an iron altar of Okawaru.
  7974 | Bailey   | Noticed a sixfirhy
  7976 | Bailey   | Gained mutation: You are weak. (Str -2) [a neqoxec]
  7987 | Bailey   | Gained mutation: You are clumsy. (Dex -2) [a neqoxec]
  8082 | Bailey   | Identified the +1 buckler "Ampevveso" {+Inv rPois rF+
                  | Stlth+}
  8167 | D:8      | Acquired a manual of Translocations
  8216 | D:8      | Identified the +4 quarterstaff "Tykesud" {pain, rN+ Dex+6}
  8435 | D:8      | Noticed an elephant
  8461 | D:8      | Killed an elephant
  8462 | D:8      | Reached skill level 1 in Shields
  8479 | D:8      | Found a staircase to the Lair.
  8517 | D:8      | Reached skill level 5 in Translocations
  8549 | D:8      | Reached skill level 14 in Unarmed Combat
  8751 | D:8      | Acquired the +11 executioner's axe of Vihesiab {flame, rF+
                  | Stlth+}
  8790 | D:9      | Found a hide-covered altar of Uskayaw.
  8928 | D:9      | Reached *** piety under Qazlal
  8938 | D:9      | Found a hazy altar of Hepliaklqana.
  8995 | D:9      | Found a sparkling altar of Nemelex Xobeh.
  9099 | D:9      | Noticed a rust devil
  9102 | D:9      | Gained mutation: A weak demonic guardian rushes to your
                  | aid. [demonic ancestry]
  9102 | D:9      | Reached XP level 11. HP: 72/72 MP: 14/14
  9371 | D:9      | Noticed a two-headed ogre
  9383 | D:9      | Killed a two-headed ogre
  9580 | D:10     | Entered Level 10 of the Dungeon
  9661 | D:10     | Found a bloodstained altar of Trog.
  9686 | D:10     | Learned a level 4 spell: Manifold Assault
  9690 | D:10     | Learned a level 3 spell: Vhi's Electric Charge
  9707 | D:10     | Noticed Maurice
  9725 | D:10     | Killed Maurice
  9725 | D:10     | Reached **** piety under Qazlal
  9726 | D:10     | Reached skill level 1 in Invocations
  9799 | D:10     | Found a shimmering blue altar of Sif Muna.
  9800 | D:10     | Found an opulent altar of Gozag.
 10142 | D:10     | Found Romann's Book Shop.
 10148 | D:10     | Reached skill level 5 in Shields
 10758 | D:11     | Noticed Grum
 10881 | D:10     | Lost mutation: You are weak. (Str -2) [potion of mutation]
 10881 | D:10     | Lost mutation: You are clumsy. (Dex -2) [potion of
                  | mutation]
 10881 | D:10     | Gained mutation: You have a pair of small antennae on your
                  | head. [potion of mutation]
 10881 | D:10     | Gained mutation: You possess an exceptional clarity of
                  | mind. [potion of mutation]
 10883 | D:11     | Noticed Fannar
 10883 | D:11     | Noticed a green ugly thing
 10902 | D:10     | Killed Fannar
 10903 | D:10     | Reached skill level 1 in Armour
 10935 | D:11     | Killed a green ugly thing
 11052 | D:10     | Reached skill level 5 in Invocations
 11108 | D:11     | Killed Grum
 11192 | D:11     | Found a stormy altar of Qazlal.
 11205 | D:11     | Identified the +6 chain mail of Zin's Displeasure {Fly
                  | rC+++ Slay-6}
 11934 | D:12     | Noticed Gastronok
 12081 | D:12     | Found a staircase to the Orcish Mines.
 12112 | D:12     | Slain by a manticore

Illustrated notes

Levels and vault maps discovered:
D:1:      sevenhm_arrival_forest_fort_small_3, layout_loops_ring,
          corexii_item_surrounded_by_moat
D:2:      layout_basic, uniq_sigmund
D:3:      layout_basic
D:4:      layout_basic, okawaru_gym_becter, serial_shops, nicolae_shop_trees
D:5:      layout_basic, minmay_temple_entry_poolview,
          kennysheep_generic_room_15, uniq_ijyb, uniq_eustachio
D:6:      layout_gridville, uniq_blork_the_orc
D:7:      layout_loops_ring, mainiacjoe_overflow_alcove_2, tso_metal_star,
          vehumet_statue, nicolae_ru_sacrificial_ziggurat, nrook_mini_vaults,
          uniq_menkaure
D:8:      layout_basic, david_lair_generic, enter_bailey_5
D:9:      layout_roguey, mainiacjoe_overflow_concentric_impassable,
          grunt_temple_overflow_open
D:10:     layout_stronghold, nicolae_overflow_hidden_temple,
          nicolae_overflow_squiral, serial_shops, shop, uniq_maurice
D:11:     layout_layer_cave, chequers_serial_rivers_room_a, grunt_qazlal_clouds,
          uniq_grum, uniq_fannar
D:12:     layout_gridville, orc_0_dummy, chequers_serial_rivers_large_a,
          uniq_kirke, uniq_azrael, uniq_frances, uniq_gastronok
Temple:   bh_familiar_temple

Skill      XL: |  1  2  3  4  5  6  7  8  9 10 11 |
---------------+----------------------------------+-----
Axes           | 2 3 |  3.2
Unarmed Combat | 1 3 4 6 7 10 13 14 | 14.9
Translocations | 6 7 |  7.0
Shields        | 3 5 |  5.0
Invocations    | 6 |  6.3
Armour         | 3 |  3.2
Fighting       | |  2.0
Throwing       | |  0.8
Dodging        | |  1.8
Spellcasting   | |  2.0

Action                   |  1- 3 |  4- 6 |  7- 9 | 10-12 || total
-------------------------+-------+-------+-------+-------++-------
Melee: Hand axe          |   140 |   199 |       |       ||   339
       Punch             |       |     4 |    26 |     3 ||    33
       Unarmed           |       |    50 |   357 |   458 ||   865
Throw: Boomerang         |     5 |     2 |    23 |       ||    30
       Dart              |       |     3 |     7 |     3 ||    13
       Javelin           |       |     6 |     2 |       ||     8
Invok: Upheaval          |       |       |       |     2 ||     2
       Elemental Force   |       |       |       |     1 ||     1
Evoke: Wand              |       |       |     3 |     1 ||     4
  Use: Scroll            |     2 |       |     5 |    12 ||    19
       Potion            |     1 |     2 |       |     4 ||     7
 Stab: Sleeping          |       |     2 |       |       ||     2
Armor: Leather armour    |    65 |    68 |   122 |    15 ||   270
       Ring mail         |       |       |       |   155 ||   155
       Skin              |       |       |       |     2 ||     2
Dodge: Dodged            |   123 |   131 |   168 |   150 ||   572
Block: Other             |       |       |     1 |     4 ||     5
       Buckler           |       |       |       |   178 ||   178

Table legend: (Time is in decaauts)
 A = Elapsed time spent in this place.
 B = Non-inter-level travel time spent in this place.
 C = Inter-level travel time spent in this place.
 D = Time resting spent in this place.
 E = Time spent auto-exploring this place.
 F = Levels seen in this place.
 G = Mean time per level.
                   A        B        C        D        E       F      G
               +--------+--------+--------+--------+--------+-----+--------+
         Total |  11980 |  11317 |    663 |   1758 |   6708 |  14 |  855.7 |
       Dungeon |  10924 |  10320 |    604 |   1585 |   6263 |  12 |  910.3 |
        Temple |    221 |    163 |     58 |      0 |    159 |   1 |  221.0 |
        Bailey |    833 |    833 |      0 |    173 |    286 |   1 |  833.0 |
               +--------+--------+--------+--------+--------+-----+--------+

Top non-repeatable levels by time:
     D:3: 1417 daAuts
    D:10: 1335 daAuts
     D:2: 1295 daAuts
     D:1: 1067 daAuts
    D:11: 1007 daAuts
     D:5: 945 daAuts
     D:4: 917 daAuts
     D:7: 892 daAuts
  Bailey: 833 daAuts
     D:9: 767 daAuts
     D:8: 686 daAuts
     D:6: 438 daAuts
  Temple: 221 daAuts
    D:12: 153 daAuts
